[Event "Tuesday 10 April, Rapid Engine Tour 13+2 Rounds 7, starts 16.00 ST"]
[Site "Infinity Chess"]
[Date "2018.4.10"]
[Round "5"]
[White "Harry_Potter"]
[Black "Thinker"]
[Result "1/2-1/2 "]
[ECO "C50"]
[WhiteElo "2483"]
[BlackElo "2447"]
[WhiteEngine "Stockfish_x64_bmi2_CTG"]
[BlackEngine "BrainFish_180408_x64_modern_CTG"]
[EventType "Swiss"]
[WhiteTeam ""]
[BlackTeam ""]
[PlyCount "157"]
[TimeControl "780+2"]

1. e4 e5 2. Nf3 Nc6 3. Bc4 Bc5 4. O-O Nf6 5. d3 O-O 6. c3 d6 7. h3 a5 8. Bg5 h6 
9. Bh4 g5 10. Bg3 Nh5 11. d4 Nxg3 12. fxg3 Bb6 13. Kh2 Kg7 14. dxe5 dxe5 
15. Nbd2 Qe7 16. Bb3 f6 17. a4 Bd7 18. g4 Ba7 19. Ne1 Qd6 20. Nc2 Be8 
21. Bd5 Ne7 22. Nc4 Qa6 23. N2e3 Bg6 24. Nf5+ Bxf5 25. gxf5 Rad8 26. Qe2 Nxd5 
27. exd5 h5 28. b3 Rh8 29. Qe4 Bc5 30. Rfd1 Bd6 31. Rac1 Rd7 32. Kh1 g4 
33. Rd3 Bc5 34. Nd2 b6 35. Re1 Rh7 36. Kh2 Bd6 37. Kh1 Bc5 38. Rb1 Bf2 
39. Rf1 Bc5 40. Rb1 Kh8 41. Qc4 Qxc4 42. bxc4 gxh3 43. Rxh3 Rdg7 44. Ne4 Be7 
45. c5 Bxc5 46. Nxf6 Rh6 47. Ne4 Bf8 48. g3 Rg4 49. Rh4 Be7 50. Rxg4 hxg4+ 
51. Kg2 Kg7 52. Rf1 Kf7 53. Kf2 Rh2+ 54. Ke3 Ra2 55. f6 Bf8 56. Kd3 Rxa4 
57. Rh1 Kg6 58. Rh8 Rxe4 59. Kxe4 Bd6 60. Ra8 Kxf6 61. Rg8 a4 62. Rxg4 a3 
63. Rh4 Kg5 64. Rh8 Kg6 65. Ra8 Kg5 66. Rg8+ Kf6 67. Ra8 Kg6 68. Ra7 Kg5 
69. Kf3 Kf5 70. g4+ Kg6 71. Ra8 Kf6 72. Ra7 Kg6 73. Ra8 Kg7 74. Ke3 Kf6 
75. Rg8 Ke7 76. Ke4 Kf7 77. Ra8 Kf6 78. Rg8 Kf7 79. Ra8 1/2-1/2

[Event "Tuesday 10 April, Rapid Engine Tour 13+2 Rounds 7, starts 16.00 ST"]
[Site "Infinity Chess"]
[Date "2018.4.10"]
[Round "5"]
[White "Murx"]
[Black "Marsell"]
[Result "1/2-1/2"]
[ECO "D15"]
[WhiteElo "2463"]
[BlackElo "2467"]
[WhiteEngine "asmFishW_2018-04-07_popcnt"]
[BlackEngine "BrainFish_180408_x64_bmi2"]
[EventType "Swiss"]
[WhiteTeam ""]
[BlackTeam ""]
[PlyCount "75"]
[TimeControl "780+2"]

1. d4 d5 2. c4 c6 3. Nf3 Nf6 4. Nc3 e6 5. Bg5 h6 6. Bxf6 Qxf6 7. e3 Nd7 
8. Be2 g6 9. O-O Bg7 10. e4 dxe4 11. Nxe4 Qf4 12. Qc2 f5 13. Ned2 c5 14. g3 Qc7 
15. Nh4 Bxd4 16. Nxg6 Rg8 17. Nh4 Nf6 18. Ndf3 Rxg3+ 19. hxg3 Qxg3+ 20. Ng2 Ng4 
21. Qd2 Bxf2+ 22. Rxf2 Qxf2+ 23. Kh1 Bd7 24. Ne5 O-O-O 25. Nxg4 fxg4 26. Rd1 h5 
27. b3 b6 28. Qd3 Qf5 29. Kg1 Qxd3 30. Rxd3 Be8 31. Re3 Rd2 32. a3 Kd7 
33. Nf4 Bf7 34. Kf2 Ke7 35. Nd5+ Kd7 36. Nf4 Ke7 37. Nd5+ Kd7 38. Nf4 1/2-1/2

[Event "Tuesday 10 April, Rapid Engine Tour 13+2 Rounds 7, starts 16.00 ST"]
[Site "Infinity Chess"]
[Date "2018.4.10"]
[Round "5"]
[White "HerzsjeMZ"]
[Black "MCDermont"]
[Result "1/2-1/2"]
[ECO "C55"]
[WhiteElo "2463"]
[BlackElo "2472"]
[WhiteEngine "BrainFish_180408_x64_modern"]
[BlackEngine "BrainFish 090218"]
[EventType "Swiss"]
[WhiteTeam ""]
[BlackTeam ""]
[PlyCount "169"]
[TimeControl "780+2"]

1. e4 e5 2. Nf3 Nc6 3. Bc4 Nf6 4. d3 Bc5 5. c3 d6 6. O-O O-O 7. Nbd2 a5 
8. Re1 Be6 9. Bb5 Ne7 10. d4 Ba7 11. Nf1 Ng6 12. Be3 c6 13. Bd3 a4 14. Bc2 b5 
15. h3 h6 16. Ng3 Bb6 17. Qd2 Re8 18. b3 axb3 19. axb3 Qc7 20. Red1 Qb7 
21. c4 Rxa1 22. Rxa1 Ra8 23. Rc1 b4 24. Nf5 Qb8 25. Rd1 Ra2 26. Qc1 Bc7 
27. Re1 Qa8 28. Bb1 Ra5 29. Nh2 Ra1 30. Qc2 c5 31. d5 Bc8 32. Ng4 Nxg4 
33. hxg4 f6 34. g3 Bd7 35. f4 Qe8 36. Kg2 Nh8 37. Rh1 Nf7 38. Bc1 Ra5 
39. Qf2 Ra6 40. Bb2 Qb8 41. Ne7+ Kh7 42. Qe2 Bd8 43. Nf5 Kg8 44. Qe3 Ra8 
45. Qe2 Bc7 46. Qf3 Qf8 47. Bd3 Ra2 48. Qf2 Ra6 49. Qe2 Ra2 50. Ne3 Qd8 
51. Nf5 Qe8 52. Qf2 Qd8 53. Kg1 Bb6 54. Rh2 Qf8 55. Qc2 Bc7 56. Qg2 Bb6 
57. Ne3 Ra8 58. Qc2 Qe8 59. Qf2 Bc7 60. Qe2 Ra2 61. Qf2 Ra8 62. Qe2 Qf8 
63. Qf1 Ra2 64. Bb1 Ra8 65. Qg2 Qc8 66. Qe2 Bb6 67. Qf3 Qd8 68. Bd3 Ra2 
69. Qg2 Qb8 70. Qh3 Qa7 71. Qf1 Bd8 72. Qc1 Bc8 73. Qd2 Ra5 74. Qg2 Ra2 
75. Bb1 Ra6 76. Bd3 Ra2 77. Qe2 Qc7 78. Rf2 Ra6 79. Rf1 Qa7 80. Qg2 Ra2 
81. Bb1 Ra6 82. Qe2 Bd7 83. Qh2 Bc7 84. Qh3 Kh7 85. Qh5 1/2-1/2

[Event "Tuesday 10 April, Rapid Engine Tour 13+2 Rounds 7, starts 16.00 ST"]
[Site "Infinity Chess"]
[Date "2018.4.10"]
[Round "5"]
[White "MarioDeMonti"]
[Black "xeonrocks"]
[Result "1/2-1/2"]
[ECO "C55"]
[WhiteElo "2511"]
[BlackElo "2549"]
[WhiteEngine "stockfish_x64_bmi2_2018_02_18_CTG"]
[BlackEngine "Stockfish_20180407_x64_bmi2_CTG"]
[EventType "Swiss"]
[WhiteTeam ""]
[BlackTeam ""]
[PlyCount "84"]
[TimeControl "780+2"]

1. e4 e5 2. Nf3 Nc6 3. Bc4 Nf6 4. d3 Bc5 5. c3 d6 6. O-O a5 7. Re1 Ba7 
8. Nbd2 O-O 9. Nf1 Be6 10. Bb5 Ne7 11. d4 exd4 12. Nxd4 Ng6 13. Ba4 h6 
14. Be3 Bc8 15. Bc2 Re8 16. h3 Nxe4 17. Bxh6 Nxf2 18. Qd2 gxh6 19. Rxe8+ Qxe8 
20. Qxf2 Bd7 21. Ne3 Qe5 22. Rf1 Be6 23. Ng4 Qg5 24. Kh2 Bc4 25. Re1 Kg7 
26. Ne3 Be6 27. Rf1 Bxd4 28. cxd4 Rf8 29. g3 f5 30. Qe1 Qh5 31. Bd1 Qg5 
32. d5 Bd7 33. Qc3+ Qf6 34. Qxc7 Rf7 35. Qc1 f4 36. gxf4 Bxh3 37. Kxh3 Qh4+ 
38. Kg2 Nxf4+ 39. Kg1 Nh3+ 40. Kg2 Nf4+ 41. Kg1 Nh3+ 42. Kg2 Nf4+ 1/2-1/2

[Event "Tuesday 10 April, Rapid Engine Tour 13+2 Rounds 7, starts 16.00 ST"]
[Site "Infinity Chess"]
[Date "2018.4.10"]
[Round "5"]
[White "localhero"]
[Black "Deep_Impact"]
[Result "1/2-1/2"]
[ECO "B12"]
[WhiteElo "2417"]
[BlackElo "2458"]
[WhiteEngine "asmFishW_2017-10-04_popcnt"]
[BlackEngine "asmFishW_2018-04-07_bmi2"]
[EventType "Swiss"]
[WhiteTeam ""]
[BlackTeam ""]
[PlyCount "137"]
[TimeControl "780+2"]

1. e4 c6 2. d4 d5 3. e5 Bf5 4. Nf3 e6 5. Be2 Nd7 6. O-O Ne7 7. c3 h6 8. Nbd2 a5 
9. a4 Bg6 10. Nb3 Nf5 11. g3 Bh7 12. Bd2 Qb6 13. Ne1 Be7 14. Ng2 O-O 15. f4 Bd8 
16. Be1 Ne7 17. Bf2 Qc7 18. Ne1 b6 19. g4 f6 20. Ng2 fxe5 21. dxe5 Qc8 
22. c4 Be4 23. Bg3 Qb7 24. Bd3 b5 25. Bxe4 dxe4 26. Kh1 bxc4 27. Nd4 Nc5 
28. Qe2 Bb6 29. f5 exf5 30. Nxf5 Nd5 31. Ngh4 Qd7 32. Qxc4 Kh7 33. Bf2 e3 
34. Bxe3 Nxe3 35. Nxe3 Qd2 36. Nef5 Qd5+ 37. Qxd5 cxd5 38. Rad1 Rad8 39. Nf3 Ne6 
40. b3 Rd7 41. Kg2 Nf4+ 42. Kh1 Ne6 43. h4 Bc5 44. Kg2 d4 45. Ne1 Rb8 
46. Nd3 Rxb3 47. Nxc5 Nxc5 48. Rxd4 Rb2+ 49. Kf3 Rb3+ 50. Ke2 Rb2+ 51. Kf3 Rb3+ 
52. Kg2 Rb2+ 53. Kg1 Re2 54. Rxd7 Nxd7 55. Ng3 Re3 56. Kf2 Rxe5 57. Rd1 Nf6 
58. Kf3 Rd5 59. Rxd5 Nxd5 60. Nf5 Nb6 61. Ne7 Nxa4 62. Nc6 Nb6 63. Nxa5 Kg6 
64. Kg3 h5 65. Nc6 hxg4 66. Kxg4 Na4 67. Nd4 Nb2 68. Nf3 Nd1 69. Ne5+ 1/2-1/2

[Event "Tuesday 10 April, Rapid Engine Tour 13+2 Rounds 7, starts 16.00 ST"]
[Site "Infinity Chess"]
[Date "2018.4.10"]
[Round "5"]
[White "Mr Aj"]
[Black "RonWeasley"]
[Result "1/2-1/2"]
[ECO "C11"]
[WhiteElo "2474"]
[BlackElo "2472"]
[WhiteEngine "Houdini 6"]
[BlackEngine "BrainFish 090218_CTG"]
[EventType "Swiss"]
[WhiteTeam ""]
[BlackTeam ""]
[PlyCount "122"]
[TimeControl "780+2"]

1. e4 e6 2. d4 d5 3. Nc3 Nf6 4. e5 Nfd7 5. f4 c5 6. Nf3 Nc6 7. Be3 cxd4 
8. Nxd4 Qb6 9. Qd2 Qxb2 10. Rb1 Qa3 11. Bb5 Nxd4 12. Bxd4 a6 13. Bxd7+ Bxd7 
14. Rb3 Qe7 15. Rxb7 Rc8 16. O-O Qd8 17. f5 exf5 18. Qd3 Bc5 19. Bxc5 Rxc5 
20. Nxd5 Bc8 21. Re7+ Kf8 22. Qa3 Qa5 23. Qxa5 Rxa5 24. Rc7 Be6 25. Nf4 Rxe5 
26. Nxe6+ Rxe6 27. Rxf5 Re7 28. Rc8+ Re8 29. Rfc5 Ke7 30. R8c6 g6 31. Rc3 a5 
32. R6c5 f5 33. Rxa5 Kf6 34. Ra6+ Kg5 35. Kf2 Re4 36. Rg3+ Kf4 37. Raa3 Rc8 
38. Rgc3 Rxc3 39. Rxc3 Ra4 40. a3 Ke5 41. Ke3 g5 42. g3 h5 43. h3 h4 
44. gxh4 Rxh4 45. Ke2 Kf6 46. Rf3 Rc4 47. Kd3 Ra4 48. Kd2 Ke5 49. Rb3 f4 
50. Kd3 Kf6 51. c3 Ke5 52. c4 Ra7 53. a4 Rxa4 54. Rb5+ Kf6 55. Rb3 Ra6 
56. Ke2 Ke5 57. Rb5+ Kd4 58. Rxg5 Kxc4 59. h4 Rf6 60. Kf3 Kd4 61. h5 Kc4 1/2-1/2

[Event "Tuesday 10 April, Rapid Engine Tour 13+2 Rounds 7, starts 16.00 ST"]
[Site "Infinity Chess"]
[Date "2018.4.10"]
[Round "5"]
[White "CrapCleaner"]
[Black "SkyPilot"]
[Result "1/2-1/2 "]
[ECO "C50"]
[WhiteElo "2491"]
[BlackElo "2481"]
[WhiteEngine "Raubfisch X38a._CTG"]
[BlackEngine "stockfish_x64_bmi2_2018_04_07_CTG"]
[EventType "Swiss"]
[WhiteTeam ""]
[BlackTeam ""]
[PlyCount "136"]
[TimeControl "780+2"]

1. e4 e5 2. Nf3 Nc6 3. Bc4 Bc5 4. O-O Nf6 5. d3 d6 6. c3 a5 7. Bg5 Ba7 
8. Nbd2 h6 9. Bh4 g5 10. Bg3 O-O 11. Bb3 Nh7 12. Kh1 Qf6 13. Nc4 Qg7 14. Ne3 Nf6 
15. a4 Kh8 16. Qe2 Bd7 17. Nd2 Qg6 18. Rae1 Nh5 19. Ndc4 Ng7 20. Nd5 Rac8 
21. Nce3 f5 22. exf5 Nxf5 23. Nxf5 Bxf5 24. Bc4 Rf7 25. f3 Rcf8 26. h3 Rg7 
27. Kh2 Qh7 28. Ne3 Bd7 29. Bd5 h5 30. Be4 Qh6 31. Nd5 Be6 32. Qd2 Bxd5 
33. Bxd5 Ne7 34. Bb3 Nf5 35. Bf2 Bxf2 36. Rxf2 c5 37. Rfe2 Qf6 38. Re4 b6 
39. Qe2 h4 40. Qd2 Ng3 41. Rg4 Qd8 42. Kg1 Nf5 43. Be6 Ng3 44. b3 Nh5 
45. Bc4 Nf4 46. d4 exd4 47. cxd4 Qf6 48. dxc5 dxc5 49. Rd1 Re7 50. Kh2 Kg7 
51. Qd6 Re5 52. Qxf6+ Rxf6 53. g3 hxg3+ 54. Rxg3 Kf8 55. h4 Rh6 56. Rg4 Rxh4+ 
57. Rxh4 gxh4 58. Rd6 Ke7 59. Rxb6 Re3 60. Rc6 Rxf3 61. Rxc5 Kf6 62. Rxa5 Rh3+ 
63. Kg1 Rg3+ 64. Kf2 Nh3+ 65. Ke1 Nf4 66. Ra6+ Kg5 67. Ra8 Kg4 68. Rg8+ Kf3 
1/2-1/2

[Event "Tuesday 10 April, Rapid Engine Tour 13+2 Rounds 7, starts 16.00 ST"]
[Site "Infinity Chess"]
[Date "2018.4.10"]
[Round "5"]
[White "Seliga"]
[Black "Katzenmaier"]
[Result "1/2-1/2"]
[ECO "D02"]
[WhiteElo "2479"]
[BlackElo "2502"]
[WhiteEngine "SF9 ''A6''"]
[BlackEngine "Raubfisch X38"]
[EventType "Swiss"]
[WhiteTeam ""]
[BlackTeam ""]
[PlyCount "55"]
[TimeControl "780+2"]

1. d4 d5 2. Nf3 Nf6 3. c4 e6 4. Nc3 dxc4 5. e4 Bb4 6. Bg5 c5 7. Bxc4 cxd4 
8. Nxd4 Bxc3+ 9. bxc3 Qa5 10. Bb5+ Bd7 11. Bxf6 gxf6 12. Bxd7+ Nxd7 13. O-O a6 
14. Rb1 Qc7 15. Qh5 Nc5 16. Qh6 Qe5 17. Rb4 Rc8 18. Nf3 Qxc3 19. Rd4 Ke7 
20. Rc1 Qb2 21. e5 Nd7 22. Rcd1 Rhd8 23. Rxd7+ Rxd7 24. Qxf6+ Kf8 25. Qh8+ Ke7 
26. Qf6+ Kf8 27. Qh8+ Ke7 28. Qf6+ 1/2-1/2

[Event "Tuesday 10 April, Rapid Engine Tour 13+2 Rounds 7, starts 16.00 ST"]
[Site "Infinity Chess"]
[Date "2018.4.10"]
[Round "4"]
[White "hafaba"]
[Black "Longin"]
[Result "1/2-1/2"]
[ECO "C55"]
[WhiteElo "2434"]
[BlackElo "2437"]
[WhiteEngine "Eman 1.70-beta18 64-bit POPCNT_CTG"]
[BlackEngine "BrainFish_180404_x64_modern_CTG"]
[EventType "Swiss"]
[WhiteTeam ""]
[BlackTeam ""]
[PlyCount "169"]
[TimeControl "780+2"]

1. e4 e5 2. Nf3 Nc6 3. Bc4 Nf6 4. d3 Bc5 5. O-O d6 6. c3 h6 7. b4 Bb6 8. a4 a5 
9. b5 Ne7 10. Be3 Bxe3 11. fxe3 O-O 12. Bb3 Ng6 13. c4 Re8 14. h3 c6 15. Nc3 Rf8 
16. Nd2 Be6 17. Qe2 Rc8 18. Rad1 Nd7 19. Rf2 Qg5 20. Kh2 Qd8 21. Kh1 Qh4 
22. Rdf1 Qg3 23. Rf3 Qh4 24. Kg1 Nb6 25. R3f2 Qd8 26. Qe1 Qe7 27. Qb1 Qg5 
28. Qe1 Qd8 29. Qd1 Qe7 30. Qb1 Qg5 31. Qe1 Qe7 32. Kh1 Nh4 33. Kh2 Ng6 
34. Qc1 Rce8 35. Qc2 Kh7 36. Kh1 Rc8 37. Qb1 Qh4 38. d4 exd4 39. exd4 Kg8 
40. Qc2 c5 41. Ne2 cxd4 42. Nxd4 Rfe8 43. c5 Rxc5 44. Qb1 Qg3 45. Rf3 Qg5 
46. Rxf7 Nh4 47. R7f2 Bxb3 48. N4xb3 Rc7 49. Nxa5 Qg3 50. Nf3 Nxf3 51. Rxf3 Qe5 
52. Qd1 Rce7 53. Qd3 Kh7 54. Rf7 Rxf7 55. Rxf7 Nxa4 56. Nxb7 Re6 57. Rf5 Qc3 
58. Rf3 Qa1+ 59. Rf1 Qc3 60. Rd1 Qe5 61. Nd8 Rg6 62. Nc6 Qg5 63. Qc2 Nc3 
64. Re1 Nxb5 65. e5 d5 66. g4 d4 67. Kg2 h5 68. Kg3 Kh6 69. Nb4 hxg4 70. h4 Qd8 
71. Qe4 Nd6 72. Qd3 Nc8 73. Qe4 Nd6 74. exd6 Qxd6+ 75. Qf4+ Qxf4+ 76. Kxf4 g3 
77. Nd3 g2 78. Rg1 Kh5 79. Ne5 Rf6+ 80. Ke4 d3 81. Rxg2 d2 82. Rxd2 g5 
83. Rd7 gxh4 84. Rd5 Ra6 85. Kf4 1/2-1/2

[Event "Tuesday 10 April, Rapid Engine Tour 13+2 Rounds 7, starts 16.00 ST"]
[Site "Infinity Chess"]
[Date "2018.4.10"]
[Round "4"]
[White "Dovahkiin"]
[Black "Harry_Potter"]
[Result "1/2-1/2"]
[ECO "C50"]
[WhiteElo "2384"]
[BlackElo "2487"]
[WhiteEngine "Raubfisch ME262_GTZ16f_CTG"]
[BlackEngine "Stockfish_x64_bmi2_CTG"]
[EventType "Swiss"]
[WhiteTeam ""]
[BlackTeam ""]
[PlyCount "123"]
[TimeControl "780+2"]

1. e4 e5 2. Nf3 Nc6 3. Bc4 Bc5 4. O-O Nf6 5. d3 d6 6. c3 O-O 7. Re1 a5 8. Bb3 h6 
9. h3 Bd7 10. Nbd2 a4 11. Bc2 Qb8 12. Nf1 Qa7 13. Be3 Bxe3 14. Nxe3 Ne7 
15. d4 Ng6 16. b4 Rfe8 17. a3 Nf4 18. Nh4 g6 19. Nf3 b5 20. c4 bxc4 21. Nxc4 Bb5 
22. dxe5 N6h5 23. Ne3 dxe5 24. Qb1 c5 25. Ng4 Qc7 26. bxc5 Qxc5 27. Bd1 Kg7 
28. Re3 Qc4 29. Nd2 Qc5 30. Nf3 Rab8 31. Qb4 Qc7 32. Qc3 Qxc3 33. Rxc3 Nf6 
34. Ngxe5 Nxe4 35. Rc7 Nd6 36. Rac1 Ne6 37. R7c2 h5 38. Nc6 Rb6 39. Kh2 Rc8 
40. Ncd4 Nxd4 41. Rxc8 Nxf3+ 42. Bxf3 Nxc8 43. Rxc8 Kf6 44. Bd5 Ke7 45. Kg3 Bd7 
46. Rc3 Rb5 47. Rd3 Rc5 48. Kh4 Bb5 49. Re3+ Kf8 50. Be4 Kg7 51. f4 f5 
52. Bb1 Kf6 53. Ba2 Rc6 54. g3 Bc4 55. Bxc4 Rxc4 56. Rd3 Re4 57. Rd6+ Kf7 
58. Rd7+ Kf6 59. Rd6+ Kf7 60. Rd7+ Ke6 61. Rd3 Kf6 62. Rd6+ 1/2-1/2

[Event "Tuesday 10 April, Rapid Engine Tour 13+2 Rounds 7, starts 16.00 ST"]
[Site "Infinity Chess"]
[Date "2018.4.10"]
[Round "4"]
[White "ivrdurant"]
[Black "MarioDeMonti"]
[Result "0-1 "]
[ECO "C55"]
[WhiteElo "2430"]
[BlackElo "2498"]
[WhiteEngine "Raubfisch ME262_GTZ16d4_CTG"]
[BlackEngine "stockfish_x64_bmi2_2018_02_18_CTG"]
[EventType "Swiss"]
[WhiteTeam ""]
[BlackTeam ""]
[PlyCount "228"]
[TimeControl "780+2"]

1. e4 e5 2. Nf3 Nc6 3. Bc4 Nf6 4. d3 Bc5 5. O-O d6 6. c3 O-O 7. h3 a5 8. Nbd2 h6 
9. Re1 Be6 10. Bb5 Qb8 11. Nf1 Qa7 12. Re2 a4 13. Ng3 Qa5 14. Bxc6 bxc6 
15. Nh4 Rfe8 16. Re1 d5 17. exd5 Nxd5 18. Nhf5 Qb6 19. Qf3 Nf4 20. d4 Bf8 
21. dxe5 Ng6 22. Qh5 Ra5 23. Nd4 Bc5 24. Qd1 Rd8 25. Bd2 Raa8 26. Be3 Qxb2 
27. Ne4 Bxd4 28. cxd4 Nxe5 29. Nc5 Nc4 30. Nxe6 Nxe3 31. fxe3 fxe6 32. Qg4 Rd6 
33. Qe4 Re8 34. Reb1 Qe2 35. Rb4 a3 36. Rb3 Red8 37. Rf1 e5 38. dxe5 Rd3 
39. Rxd3 Qxd3 40. Qf5 Qxe3+ 41. Kh2 Qg5 42. Qe4 Qe7 43. Qc4+ Rd5 44. Re1 Qe6 
45. Re3 Kh7 46. Qb3 c5 47. Qxa3 Rxe5 48. Rxe5 Qxe5+ 49. Qg3 Qd4 50. Qxc7 c4 
51. a4 c3 52. a5 Qd3 53. a6 Qxa6 54. Qxc3 Qa2 55. Qd3+ g6 56. Qd7+ Kg8 
57. Qe7 Qa1 58. Qe6+ Kh8 59. Qxg6 Qe5+ 60. Kg1 h5 61. Kf2 h4 62. Qh6+ Kg8 
63. Qxh4 Qc5+ 64. Kg3 Qc1 65. Qf4 Qa1 66. Kh2 Kh7 67. Qg5 Qb1 68. Qe7+ Kg6 
69. Qe8+ Kh7 70. Qf7+ Kh8 71. Qf4 Qa1 72. Qf5 Qa8 73. Kg1 Qa7+ 74. Kh2 Qc7+ 
75. Kg1 Qf7 76. Qe5+ Kh7 77. h4 Qc4 78. g3 Qc1+ 79. Kf2 Qb1 80. g4 Qc1 
81. Qe4+ Kg7 82. Qe5+ Kg6 83. Qf5+ Kg7 84. Qe5+ Kg6 85. Qe4+ Kg7 86. Qe7+ Kh8 
87. Qd6 Qa1 88. h5 Qc1 89. Qf6+ Kh7 90. Qe6 Qf4+ 91. Kg2 Qc1 92. Kf3 Kg7 
93. Qg6+ Kh8 94. Qf6+ Kh7 95. Qg6+ Kh8 96. Qf6+ Kh7 97. Qe7+ Kh8 98. Qb4 Kg8 
99. Qb8+ Kg7 100. Qe5+ Kh7 101. Ke4 Qc4+ 102. Kf5 Qf7+ 103. Kg5 Qg8+ 
104. Kf4 Qf7+ 105. Kg5 Qg8+ 106. Kh4 Qd8+ 107. g5 Qd7 108. Qe4+ Kh8 109. Qf4 Kg7 
110. Qc4 Kh7 111. Qe4+ Kg7 112. Qe5+ Kh7 113. Qf4 Qb7 114. Qf5+ Kg8 0-1

[Event "Tuesday 10 April, Rapid Engine Tour 13+2 Rounds 7, starts 16.00 ST"]
[Site "Infinity Chess"]
[Date "2018.4.10"]
[Round "4"]
[White "Deep_Impact"]
[Black "star99"]
[Result "1-0"]
[ECO "D15"]
[WhiteElo "2442"]
[BlackElo "2441"]
[WhiteEngine "asmFishW_2018-04-07_bmi2"]
[BlackEngine "Cryptic Heroes 9.3B"]
[EventType "Swiss"]
[WhiteTeam ""]
[BlackTeam ""]
[PlyCount "231"]
[TimeControl "780+2"]

1. d4 d5 2. c4 c6 3. Nf3 Nf6 4. Nc3 e6 5. Bg5 h6 6. Bxf6 Qxf6 7. e3 Qd8 
8. Bd3 Be7 9. Qc2 dxc4 10. Bxc4 Nd7 11. a3 b6 12. O-O O-O 13. Ba2 Bb7 
14. Rad1 Rc8 15. Rfe1 Re8 16. Bb1 Nf8 17. Qe2 Nd7 18. e4 Qc7 19. e5 Red8 
20. Be4 a5 21. Rb1 Qb8 22. Red1 Qa7 23. h4 Ba6 24. Qe3 Nf8 25. g4 Ng6 26. h5 Nh4 
27. Nxh4 Bxh4 28. Kh2 Rf8 29. Bc2 Bd8 30. Rg1 f6 31. f4 Qe7 32. Rg3 Kh8 
33. Re1 Bc4 34. b3 Bd5 35. Bb1 Rc7 36. Nxd5 cxd5 37. Qd3 f5 38. a4 Qf7 
39. Reg1 Bh4 40. Rh3 Be7 41. gxf5 exf5 42. Qb5 Rb8 43. Qe2 Ba3 44. Rhg3 Bc1 
45. Rf1 Re8 46. Rg6 Qe7 47. Kh3 Rf8 48. Rg3 Ba3 49. Qf3 Bb4 50. Qxd5 Rd8 
51. Qf3 Qf7 52. Rd1 Rcd7 53. Rg6 Rxd4 54. Rxd4 Rxd4 55. Rxb6 Rd8 56. Rb7 Qe6 
57. Rc7 Be7 58. Bc2 Rc8 59. Rxc8+ Qxc8 60. Bd3 Bf8 61. Kg2 Qd7 62. Kg3 Kh7 
63. Bc4 Qd4 64. Be6 Qg1+ 65. Kh3 Qb1 66. Bc4 Qg1 67. Bd3 g6 68. hxg6+ Qxg6 
69. Kh2 Kg7 70. Qb7+ Kh8 71. Qg2 Qf7 72. Qh3 Qa7 73. Kg2 Qg7+ 74. Kf3 Qb7+ 
75. Ke2 Qg7 76. Qxf5 Qg2+ 77. Kd1 Qg7 78. Kc2 Kg8 79. Qe4 Ba3 80. Qa8+ Qf8 
81. Qxf8+ Kxf8 82. Bg6 h5 83. Bxh5 Kg7 84. f5 Kh6 85. Bg4 Be7 86. f6 Bd8 
87. Kd3 Kg5 88. Ke4 Kxg4 89. e6 Bxf6 90. b4 axb4 91. a5 Kg5 92. a6 b3 93. Kd3 b2 
94. Kc2 Kf5 95. a7 Kxe6 96. a8=Q Be5 97. Qb7 Kf5 98. Kd3 Bf6 99. Qe4+ Kg5 
100. Kc2 Kh6 101. Qg2 Bg7 102. Qg1 Kh7 103. Kd3 Kg8 104. Ke4 Kf7 105. Kf5 Bd4 
106. Qe1 Be3 107. Qb4 b1=Q+ 108. Qxb1 Ke7 109. Qb3 Bd2 110. Qe6+ Kd8 
111. Qc6 Ke7 112. Qc7+ Kf8 113. Kf6 Bc3+ 114. Qxc3 Kg8 115. Qg3+ Kh8 116. Qg7# 
1-0

[Event "Tuesday 10 April, Rapid Engine Tour 13+2 Rounds 7, starts 16.00 ST"]
[Site "Infinity Chess"]
[Date "2018.4.10"]
[Round "4"]
[White "RonWeasley"]
[Black "Time_bandit"]
[Result "1-0"]
[ECO "D26"]
[WhiteElo "2457"]
[BlackElo "2444"]
[WhiteEngine "BrainFish 090218_CTG"]
[BlackEngine "asmFishW_2018-02-02_popcnt"]
[EventType "Swiss"]
[WhiteTeam ""]
[BlackTeam ""]
[PlyCount "100"]
[TimeControl "780+2"]

1. d4 d5 2. c4 dxc4 3. Nf3 Nf6 4. e3 e6 5. Bxc4 c5 6. O-O a6 7. b3 cxd4 
8. Nxd4 Bd6 9. Bb2 O-O 10. Bd3 b5 11. a4 bxa4 12. Rxa4 Bb7 13. Be2 Nd5 
14. Bf3 Nd7 15. Nc3 N7b6 16. Nxd5 Nxd5 17. Qa1 Qb6 18. Ne2 f6 19. Rg4 Be7 
20. Ng3 g6 21. h4 f5 22. Rc4 Rae8 23. h5 Bf6 24. b4 Bxb2 25. Qxb2 Qd8 
26. Rd4 Qe7 27. Rfd1 Qg7 28. Qd2 Re7 29. Rc1 Qf7 30. Rc2 Qe8 31. e4 Nf6 
32. hxg6 hxg6 33. e5 Nd5 34. Rh4 Rh7 35. Rxh7 Kxh7 36. Ne2 Qb8 37. Bxd5 Bxd5 
38. Qe3 Kg7 39. Nf4 Rc8 40. Rxc8 Qxc8 41. Qg3 Qe8 42. Qh4 Bb3 43. f3 Qf8 
44. Kh2 Qf7 45. Kg3 Qf8 46. Qg5 Qf7 47. Qd8 Bd5 48. Kh4 Kh7 49. Nh3 Qg8 
50. Ng5+ Kg7 1-0

[Event "Tuesday 10 April, Rapid Engine Tour 13+2 Rounds 7, starts 16.00 ST"]
[Site "Infinity Chess"]
[Date "2018.4.10"]
[Round "4"]
[White "SkyPilot"]
[Black "Thinker"]
[Result "1-0"]
[ECO "C53"]
[WhiteElo "2465"]
[BlackElo "2463"]
[WhiteEngine "stockfish_x64_bmi2_2018_04_07_CTG"]
[BlackEngine "BrainFish_180408_x64_modern_CTG"]
[EventType "Swiss"]
[WhiteTeam ""]
[BlackTeam ""]
[PlyCount "161"]
[TimeControl "780+2"]

1. e4 e5 2. Nf3 Nc6 3. Bc4 Bc5 4. c3 Nf6 5. d3 d6 6. O-O O-O 7. Bg5 h6 8. Bh4 a6 
9. Nbd2 Bb6 10. a4 Kh8 11. b4 g5 12. Bg3 Ba7 13. Bb3 Kg7 14. h3 Nh5 15. Bh2 Nf4 
16. Bxf4 gxf4 17. Kh1 Qf6 18. b5 Na5 19. Bd5 Bb6 20. d4 axb5 21. axb5 Bd7 
22. Rg1 c6 23. bxc6 bxc6 24. Ba2 Bc8 25. g3 Kh8 26. g4 Bd8 27. Rg2 Nb7 
28. Qc2 Rg8 29. Rag1 Be6 30. Bxe6 Qxe6 31. Qd3 Bg5 32. Rb1 Na5 33. Rgg1 Qe7 
34. Rb6 Ra7 35. Ra6 Rga8 36. Rxa7 Rxa7 37. Nxg5 hxg5 38. Ra1 Kg7 39. Nf3 f6 
40. h4 Kg6 41. hxg5 Qe6 42. gxf6 Rh7+ 43. Nh2 Nc4 44. Kg1 Qg8 45. f7 Qxf7 
46. Ra8 Nb2 47. Qa6 Qb3 48. Rd8 Qd1+ 49. Qf1 Qxf1+ 50. Nxf1 Nc4 51. Rc8 exd4 
52. cxd4 c5 53. Kg2 Nb2 54. Rc6 Nd3 55. Rxd6+ Kf7 56. Rd7+ Kg8 57. Rxh7 Kxh7 
58. dxc5 Nxc5 59. Kf3 Ne6 60. g5 Kg6 61. Kg4 Nc5 62. Kxf4 Nd3+ 63. Kg3 Nb2 
64. Kg4 Nc4 65. f4 Kf7 66. e5 Nb2 67. f5 Nc4 68. Kf4 Kg7 69. f6+ Kg6 70. e6 Nd6 
71. Ng3 Nb5 72. f7 Nd4 73. Ke5 Nf3+ 74. Kd6 Kxg5 75. f8=Q Nd2 76. e7 Nc4+ 
77. Ke6 Kg4 78. e8=Q Ne5 79. Kxe5 Kh3 80. Qf2 Kh4 81. Qh5# 1-0

[Event "Tuesday 10 April, Rapid Engine Tour 13+2 Rounds 7, starts 16.00 ST"]
[Site "Infinity Chess"]
[Date "2018.4.10"]
[Round "4"]
[White "HerzsjeMZ"]
[Black "Murx"]
[Result "1/2-1/2"]
[ECO "B12"]
[WhiteElo "2463"]
[BlackElo "2463"]
[WhiteEngine "BrainFish_180408_x64_modern"]
[BlackEngine "asmFishW_2018-04-07_popcnt"]
[EventType "Swiss"]
[WhiteTeam ""]
[BlackTeam ""]
[PlyCount "93"]
[TimeControl "780+2"]

1. e4 c6 2. d4 d5 3. e5 Bf5 4. Nf3 e6 5. Be2 Nd7 6. O-O Ne7 7. Nbd2 h6 8. Nb3 g5 
9. Ne1 Qc7 10. Bh5 c5 11. c3 Bg7 12. f4 c4 13. Nd2 gxf4 14. Rxf4 Nxe5 
15. dxe5 Bxe5 16. Rf1 Bxh2+ 17. Kh1 Bg3 18. Nc2 Rg8 19. Nd4 Qe5 20. Qa4+ Kd8 
21. N2f3 Qg7 22. b3 Be4 23. bxc4 Rc8 24. cxd5 Bxd5 25. Ba3 Rc4 26. Qc2 Bf4 
27. Rad1 Rxc3 28. Bxe7+ Kxe7 29. Qf2 Kd8 30. a4 Be3 31. Nf5 Bxf2 32. Nxg7 Rxg7 
33. Rxf2 Ke7 34. Rd4 f5 35. Kh2 b6 36. Nh4 Bb3 37. Nf3 Bd5 38. Nh4 Rc4 
39. Rxc4 Bxc4 40. Rf4 Bd5 41. Bf3 Kf6 42. Rd4 Bb3 43. Rb4 Bc2 44. Rc4 Bb3 
45. Rb4 Bc2 46. Rc4 Bb3 47. Rb4 1/2-1/2